 Dungeon Crawl Stone Soup version 0.27-a0-237-g52650a7530 (webtiles) character file.

Game seed: 11902823694692401465

35780 KristoblXynda the Carver (level 13, -35/116 HPs)
             Began as a Green Draconian Gladiator on Feb 2, 2021.
             Was an Initiate of Gozag.
             Annihilated by an ettin
             ... wielding a cursed -2 dire flail
              (40 damage)
             ... on level 14 of the Dungeon.
             The game lasted 00:35:07 (18637 turns).

KristoblXynda the Carver (DrGl)                    Turns: 18637, Time: 00:35:08

Health: -35/116    AC: 13    Str: 16    XL:     13   Next: 49%
Magic:  19/19      EV: 21    Int: 13    God:    Gozag
Gold:   2226       SH:  6    Dex: 19    Spells: 16/20 levels left

rFire    + . .     SeeInvis +   j - +0 scimitar
rCold    . . .     Faith    .   h - +0 buckler
rNeg     . . .     Spirit   .   (armour unavailable)
rPois    +         Reflect  .   z - +2 hat {Will+}
rElec    +         Harm     .   o - +1 cloak
rCorr    .         Rampage  .   (no gloves)
Will     +....     Clarity  +   t - +0 pair of boots Stlth ++........Rnd*Tele +
                                B - amulet of regeneration
HPRegen  0.69/turn              u - ring of see invisible
MPRegen  0.16/turn              F - ring of Junautua {*Tele rElec rF+ Dex+5}

@: short of breath
A: breathe noxious fumes, unfitting armour, horns 1, clarity, poison resistance,
cold-blooded, AC +8
a: Breathe Noxious Fumes, Renounce Religion, Potion Petition, Call Merchant,
Bribe Branch


You were on level 14 of the Dungeon.
You worshipped Gozag.
Gozag was most pleased with you.
You visited 2 branches of the dungeon, and saw 16 of its levels.

You collected 3911 gold pieces.
You spent 696 gold pieces at shops.
You paid 989 gold pieces to Gozag.

Inventory:

Hand Weapons
 j - a +0 scimitar (weapon)
Missiles
 c - 4 throwing nets (quivered)
Armour
 h - a +0 buckler (worn)
 o - a +1 cloak (worn)
 t - a +0 pair of boots (worn)
 z - a +2 hat of willpower (worn)
Jewellery
 b - an uncursed ring of protection from fire
 u - a ring of see invisible (left hand)
 B - an amulet of regeneration (around neck)
 C - an uncursed ring of protection from cold
 F - the ring of Junautua (right hand) {*Tele rElec rF+ Dex+5}
   (You bought it in a shop on level 12 of the Dungeon)

   [ring of teleportation]

   It may teleport you next to monsters.
   It affects your dexterity (+5).
   It protects you from fire.
   It insulates you from electricity.
Wands
 a - a wand of paralysis (8)
Scrolls
 g - a scroll of magic mapping
 i - 4 scrolls of amnesia
 k - 5 scrolls of remove curse
 l - 7 scrolls of teleportation
 n - 3 scrolls of blinking
 r - a scroll of immolation
 y - 2 scrolls of fog
 A - 2 scrolls of identify
 D - a scroll of fear
Potions
 d - 3 potions of curing
 e - 2 potions of attraction
 f - 2 potions of magic
 m - 2 potions of resistance
 p - a potion of mutation
 q - a potion of cancellation
 s - 7 potions of flight
 v - a potion of haste
 w - 3 potions of heal wounds
 E - a potion of brilliance
 G - a potion of ambrosia
Miscellaneous
 x - a phantom mirror (inert)


   Skills:
 - Level 11.1 Fighting
 + Level 13.3 Long Blades
 - Level 2.0 Throwing
 + Level 11.0 Dodging
 - Level 4.0 Shields
 + Level 4.3 Spellcasting
 + Level 7.9 Conjurations
 - Level 6.2 Evocations


You had 16 spell levels left.
You knew the following spells:

 Your Spells              Type           Power        Failure   Level
a - Iskenderun's Mystic   Conj/Tloc      13%          36%         4

Your spell library contained the following spells:

 Spells                   Type           Power        Failure   Level
 Magic Dart               Conj           92%          1%          1
 Searing Ray              Conj           46%          1%          2
 Dazzling Flash           Conj/Hex       26%          12%         3
 Animate Skeleton         Necr           4%           21%         1
 Beastly Appendage        Tmut           4%           21%         1
 Pain                     Necr           8%           21%         1
 Wereblood                Tmut           2%           30%         2
 Fulminant Prism          Conj/Hex       6%           36%         4
 Spider Form              Tmut/Pois      1%           52%         3
 Vampiric Draining        Necr           1%           52%         3
 Animate Dead             Necr           1%           90%         4
 Ice Form                 Ice/Tmut       2%           90%         4
 Agony                    Necr           2%           99%         5
 Blade Hands              Tmut           1%           99%         5


Dungeon Overview and Level Annotations

Branches:
Dungeon (15/15)            Temple (1/1) D:7            Lair (0/6) D:8
    Orc (0/2) D:10
 Vaults: D:13-14     Depths: D:15

Altars:
Ashenzari
Cheibriados
Dithmenos
Elyvilon
Fedhas
Gozag
Hepliaklqana
Kikubaaqudgha
Makhleb
Nemelex Xobeh
Okawaru
Qazlal
Ru
Sif Muna
Trog
Uskayaw
Vehumet
Wu Jian
Xom
Yredelemnul
Zin
The Shining One
Beogh

Shops:
D:7 (   D:12 =

Annotations:
D:4 2 runed translucent doors, DungeonDestroyer's ghost, novice GnFi


Innate Abilities, Weirdness & Mutations

You can breathe blasts of noxious fumes.
Your lurid green scales are hard. (AC +8)
You cannot fit into any form of body armour.
Your system is resistant to poisons. (rPois)
You are cold-blooded and may be slowed by cold attacks.
You have a pair of small horns on your head.
You possess an exceptional clarity of mind.


Message History

You tail-slap the ettin, but do no damage.
The ettin is heavily wounded.
The ettin is engulfed in noxious fumes.
The ettin hits you with a cursed -2 dire flail!!
The ettin completely misses you.
You hear a shout!
You hit the ettin.
The ettin is heavily wounded.
You hit the ettin. Your headbutt misses the ettin.
The ettin is heavily wounded.
The ettin hits you with a cursed -2 dire flail!!!
The ettin hits you with a +0 dire flail!!!
* * * LOW HITPOINT WARNING * * *
A necromancer comes into view. It is wielding a +0 dagger.
You hit the ettin.
The ettin is severely wounded.
The ettin misses you.
The ettin hits you with a +0 dire flail!!!
You die...
Your body crumbles into a pile of gold.

#..######..# #...# #..#
#..# #...#
#..######..#########...###
#.........................
#.........................
#.###........))######..###
#. #.########.# #..# #.
#.#..?...#.# #..# #.#
#.#°C@...#.######..###
#.###.#p####.#............
#.....# #.#............
#.....# $ #...########.##
#.....# #...########.##
#.....# #..............
#.....# #.#............
#.....######.#............
#.##............#####..###


You could see an ettin and a necromancer.

Vanquished Creatures
  Gastronok (D:9)
  3 two-headed ogres
  3 centaur warriors (D:13)
  3 tengu warriors
  A vampire mage (D:15)
  6 skeletal warriors
  An unseen horror (D:14)
  A wizard (D:14)
  A necromancer (D:15)
  3 orc knights (D:10)
  9 ugly things
  2 cyclopes
  A manticore (D:12)
  3 centaur skeletons
  A komodo dragon (D:12)
  A kobold demonologist (D:12)
  2 tengu conjurers
  A polar bear (D:8)
  9 trolls
  Prince Ribbit (D:6)
  3 hornets
  Sigmund (D:6)
  A meliai zombie (D:13)
  3 wyverns
  A shadow (D:14)
  A wraith (D:10)
  9 yaks
  A basilisk (D:12)
  A steam dragon (D:12)
  An acid dragon (D:12)
  7 vampire mosquitoes (D:15)
  Duvessa (D:7)
  A human zombie (D:15)
  4 water moccasins
  11 orc warriors
  8 ice beasts
  3 black bears
  A necrophage (D:6)
  5 sky beasts
  6 ogres
  12 centaurs
  A wolf (D:8)
  2 phantoms
  2 boggarts (D:15)
  2 big kobolds
  A gnoll sergeant (D:8)
  17 bullfrogs
  Dowan (D:7)
  5 scorpions
  13 killer bees
  An electric eel (D:8)
  12 wights
  2 howler monkeys
  3 bullfrog zombies
  2 centaur zombies
  3 jellies
  A quasit (D:11)
  10 orc priests
  Crazy Yiuf (D:6)
  6 hounds
  An iguana (D:11)
  13 orc wizards
  6 worker ants
  2 centaur simulacra (D:8)
  2 hound skeletons
  3 worker ant zombies
  11 adders
  8 gnolls
  2 shadow imps
  3 white imps
  A worker ant simulacrum (D:8)
  3 ufetubi
  An ooze (D:5)
  An adder zombie (D:8)
  An adder skeleton (D:7)
  3 worms
  2 dart slugs (D:1)
  An adder simulacrum (D:8)
  4 leopard geckos
  42 orcs
  5 giant cockroaches
  10 hobgoblins
  21 jackals
  3 quokkas
  2 ball pythons (D:1)
  4 bats
  8 frilled lizards
  7 goblins
  23 kobolds
  A quokka zombie (D:5)
413 creatures vanquished.

Vanquished Creatures (collateral kills)
  A hydra (D:9)
  A deep troll earth mage (D:15)
  A killer bee (D:8)
3 creatures vanquished.

Vanquished Creatures (others)
  A bullfrog skeleton (D:4)
  An orc wizard (D:7)
  An ufetubus (D:8)
  A leopard gecko (D:4)
  41 fungi (D:8)
  51 plants (D:8)
  14 withered plants
110 creatures vanquished.

Grand Total: 526 creatures vanquished

Notes
Turn   | Place    | Note
-------+----------+-------------------------------------------
     0 | D:1      | KristoblXynda the Draconian Gladiator began the quest for
                  | the Orb.
     0 | D:1      | Reached XP level 1. HP: 17/17 MP: 1/1
   340 | D:1      | Reached XP level 2. HP: 23/25 MP: 2/2
   747 | D:1      | Reached XP level 3. HP: 12/30 MP: 3/3
  2097 | D:2      | Found an opulent altar of Gozag.
  2097 | D:2      | Found a glowing silver altar of Zin.
  2104 | D:2      | Found a stormy altar of Qazlal.
  2106 | D:2      | Found a faded altar of an unknown god.
  2108 | D:2      | Found a hide-covered altar of Uskayaw.
  2157 | D:2      | Became a worshipper of Gozag Ym Sagoz the Greedy
  2298 | D:2      | Found a faded altar of an unknown god.
  2479 | D:2      | Found a shimmering blue altar of Sif Muna.
  2608 | D:3      | Reached XP level 4. HP: 38/38 MP: 4/4
  2732 | D:3      | Reached skill level 4 in Long Blades
  2835 | D:3      | You fall into a shaft and drop 2 floors!
  2835 | D:5      | Entered Level 5 of the Dungeon
  3311 | D:5      | Found an ancient bone altar of Kikubaaqudgha.
  3315 | D:5      | Noticed an ogre
  3346 | D:5      | Killed an ogre
  3347 | D:5      | Reached XP level 5. HP: 16/46 MP: 5/5
  3591 | D:5      | Noticed an ogre
  3605 | D:5      | Killed an ogre
  3606 | D:5      | Reached skill level 5 in Long Blades
  3606 | D:5      | Reached XP level 6. HP: 23/52 MP: 6/6
  4261 | D:5      | Got an ebony bardiche
  4262 | D:5      | Identified the +7 bardiche of Nitaezi {vorpal, rPois MP-9
                  | Int+2} (You found it on level 5 of the Dungeon)
  4546 | D:4      | Found a radiant altar of Vehumet.
  4555 | D:4      | Your scales start taking on a lurid green colour.
  4555 | D:4      | Reached XP level 7. HP: 31/60 MP: 7/7
  4555 | D:4      | Gained mutation: Your system is resistant to poisons.
                  | (rPois) [Green Draconian growth]
  4876 | D:4      | Found a runed translucent door.
  4916 | D:4      | Reached skill level 6 in Long Blades
  5317 | D:4      | Found a runed translucent door.
  5319 | D:4      | Noticed DungeonDestroyer's ghost (novice GnFi)
  5584 | D:4      | Found a hazy altar of Hepliaklqana.
  6175 | D:3      | You fall into a shaft and drop 1 floor!
  6244 | D:6      | Reached skill level 5 in Fighting
  6279 | D:6      | Noticed Prince Ribbit
  6293 | D:6      | Killed Prince Ribbit
  6294 | D:6      | Reached skill level 7 in Long Blades
  6328 | D:6      | Found a shadowy altar of Dithmenos.
  6350 | D:6      | Reached XP level 8. HP: 52/69 MP: 8/8
  6363 | D:6      | Reached skill level 5 in Dodging
  6624 | D:6      | Noticed Sigmund
  6645 | D:6      | Killed Sigmund
  6646 | D:6      | Reached skill level 8 in Long Blades
  7040 | D:6      | Found a blossoming altar of Fedhas.
  7128 | D:6      | Found an iron altar of Okawaru.
  7214 | D:6      | Found a runed translucent door.
  7215 | D:6      | Noticed Crazy Yiuf
  7294 | D:6      | Killed Crazy Yiuf
  7330 | D:7      | Found a staircase to the Ecumenical Temple.
  7433 | D:7      | Noticed Dowan
  7433 | D:7      | Noticed Duvessa
  7531 | D:7      | Learned a level 4 spell: Iskenderun's Mystic Blast
  7589 | D:7      | Found Tutoa's Antique Weapon Shoppe.
  7643 | D:7      | Reached XP level 9. HP: 69/78 MP: 9/9
  7762 | D:7      | Reached skill level 9 in Long Blades
  7797 | D:7      | Killed Duvessa
  7801 | D:7      | Killed Dowan
  8073 | D:7      | Found a glowing golden altar of the Shining One.
  8486 | Temple   | Entered the Ecumenical Temple
  8647 | D:8      | Noticed a polar bear
  8677 | D:8      | Killed a polar bear
  8694 | D:8      | Noticed a troll
  8709 | D:8      | Killed a troll
  8714 | D:8      | Reached skill level 10 in Long Blades
  8835 | D:8      | Reached skill level 1 in Spellcasting
  8943 | D:8      | Noticed a two-headed ogre
  9051 | D:8      | Reached XP level 10. HP: 84/88 MP: 12/12
  9063 | D:8      | Found a staircase to the Lair.
  9349 | D:8      | Killed a two-headed ogre
  9350 | D:8      | Reached skill level 1 in Shields
 10388 | D:9      | Noticed Gastronok
 10396 | D:9      | Gained mutation: You have a pair of small horns on your
                  | head. [potion of mutation]
 10396 | D:9      | Gained mutation: You possess an exceptional clarity of
                  | mind. [potion of mutation]
 10405 | D:9      | HP: 3/90 [Gastronok/the air (26)]
 10410 | D:9      | Killed Gastronok
 10411 | D:9      | Reached skill level 11 in Long Blades
 10417 | D:9      | Noticed a five-headed hydra
 11117 | D:9      | Noticed a two-headed ogre
 11135 | D:9      | Killed a two-headed ogre
 11136 | D:9      | Reached XP level 11. HP: 26/97 MP: 15/15
 11276 | D:9      | Killed a five-headed hydra
 11418 | D:10     | Entered Level 10 of the Dungeon
 11613 | D:10     | Noticed an orc knight
 11653 | D:10     | Noticed an orc knight
 11693 | D:10     | Reached skill level 1 in Conjurations
 11785 | D:10     | Killed an orc knight
 11962 | D:10     | Killed an orc knight
 12014 | D:10     | Noticed an orc knight
 12015 | D:10     | Found a roughly hewn altar of Beogh.
 12017 | D:10     | Found a staircase to the Orcish Mines.
 12081 | D:10     | Killed an orc knight
 12082 | D:10     | Reached skill level 10 in Fighting
 13061 | D:11     | Reached skill level 1 in Evocations
 13111 | D:11     | Noticed a boulder beetle
 13357 | D:11     | Noticed a white ugly thing
 13405 | D:11     | Killed a white ugly thing
 13680 | D:11     | Noticed a tengu warrior
 13717 | D:11     | Killed a tengu warrior
 14268 | D:12     | Found Fonis's Jewellery Boutique.
 14275 | D:12     | Bought the ring of Junautua {*Tele rElec rF+ Dex+5} for 624
                  | gold pieces
 14275 | D:12     | Bought a cursed ring of teleportation for 72 gold pieces
 14489 | D:12     | Noticed a purple ugly thing
 14520 | D:12     | Killed a purple ugly thing
 14924 | D:12     | Noticed a cyan ugly thing
 14942 | D:12     | Killed a cyan ugly thing
 14943 | D:12     | Reached skill level 12 in Long Blades
 14945 | D:12     | Reached XP level 12. HP: 84/107 MP: 16/16
 15695 | D:13     | Reached skill level 5 in Conjurations
 15753 | D:13     | Noticed a centaur warrior
 15765 | D:13     | Killed a centaur warrior
 15923 | D:13     | Noticed a two-headed ogre
 15937 | D:13     | Killed a two-headed ogre
 16168 | D:13     | Noticed a centaur warrior
 16186 | D:13     | Killed a centaur warrior
 16192 | D:13     | Reached skill level 10 in Dodging
 16254 | D:13     | Noticed a centaur warrior
 16267 | D:13     | Killed a centaur warrior
 16276 | D:13     | Reached skill level 5 in Evocations
 17419 | D:13     | Reached XP level 13. HP: 116/116 MP: 17/17
 17491 | D:14     | You fall into a shaft and drop 1 floor!
 17491 | D:15     | Entered Level 15 of the Dungeon
 17684 | D:15     | Noticed a storm dragon
 17698 | D:15     | Reached skill level 13 in Long Blades
 17747 | D:15     | Noticed a sphinx
 18624 | D:14     | Noticed an ettin
 18636 | D:14     | HP: 4/116 [ettin/cursed -2 dire flail (43)]
 18637 | D:14     | Annihilated by an ettin

Illustrated notes

Levels and vault maps discovered:
D:1:      ncdulo_wetmaze, layout_basic
D:2:      layout_basic, marbit_many_paths, chequers_temple_overflow_minitemple,
          chequers_ecumenical_altar_grove
D:3:      layout_basic, minmay_fractal_squares_diagonal_5
D:4:      layout_basic, fiery_altar_vehumet, lemuel_coloured_pillars_altar,
          ebering_ghost_sewer_f
D:5:      layout_loops_cross, kiku_gazebo_garden_becter
D:6:      layout_gridville, okawaru_altar_gauntlet_db,
          grunt_dithmenos_smoke_and_mirrors, general_overflow_altar,
          uniq_sigmund, uniq_crazy_yiuf_cottage, uniq_prince_ribbit1
D:7:      layout_basic, minmay_temple_entry_arrows, serial_shops, shop,
          chequers_serial_rivers_room_a, nicolae_tso_swordbearing_angel,
          uniq_duvessa
D:8:      layout_loops_ring, due_lair_maze_entry_diamond, serial_ice,
          serial_ice_i, serial_ice_g, serial_ice_c, serial_ice_o
D:9:      layout_cave_pools, uniq_gastronok
D:10:     layout_irregular_city, david_orc_5
D:11:     layout_roguey, amcnicky_mini_pool_small
D:12:     layout_basic, serial_shops, shop, minmay_circle_x
D:13:     layout_loops_ring
D:14:     layout_long_grid, david_vaults_4
D:15:     gammafunk_depths_entry_grave, layout_rooms, minmay_diamond_spiral
Temple:   eino_temple_lava

Skill      XL: |  1  2  3  4  5  6  7  8  9 10 11 12 13 |
---------------+----------------------------------------+-----
Throwing       | 2 |  2.0
Dodging        | 3 4 6 7 8 9 10 11 | 11.0
Fighting       | 3 4 5 6 8 9 10 11 | 11.1
Long Blades    | 4 5 7 8 10 11 12 13 | 13.3
Spellcasting   | 1 3 4 |  4.3
Shields        | 4 |  4.0
Conjurations   | 4 6 7 |  7.9
Evocations     | 3 5 6 |  6.2

Action                   |  1- 3 |  4- 6 |  7- 9 | 10-12 | 13-15 || total
-------------------------+-------+-------+-------+-------+-------++-------
Melee: Long sword        |   100 |   107 |   426 |   759 |       ||  1392
       Tailslap          |    10 |    21 |    83 |   222 |    80 ||   416
       Headbutt          |       |       |       |   224 |   103 ||   327
       Scimitar          |       |       |       |   348 |   284 ||   632
Throw: Throwing net      |       |     2 |       |       |     1 ||     3
Invok: Potion Petition   |       |       |       |     3 |       ||     3
 Abil: Breathe Noxious F |       |       |    17 |    36 |    10 ||    63
Evoke: Phantom mirror    |       |       |       |     1 |     1 ||     2
  Use: Scroll            |       |     5 |    12 |     9 |     1 ||    27
       Potion            |       |       |     2 |    10 |     1 ||    13
 Stab: Sleeping          |     1 |       |       |     2 |       ||     3
       Held in net/web   |       |     3 |       |       |       ||     3
       Confused          |       |       |     9 |    45 |    11 ||    65
       Distracted        |       |       |       |     3 |     3 ||     6
Armor: Skin              |    26 |    39 |   141 |   196 |    57 ||   459
Dodge: Dodged            |    67 |    73 |   332 |   568 |   209 ||  1249
Block: Buckler           |       |       |       |   160 |    40 ||   200
       Rpst.: Long sword |    26 |    24 |    71 |   129 |       ||   250
       Scimitar          |       |       |       |    47 |    55 ||   102

Table legend: (Time is in decaauts)
 A = Elapsed time spent in this place.
 B = Non-inter-level travel time spent in this place.
 C = Inter-level travel time spent in this place.
 D = Time resting spent in this place.
 E = Time spent auto-exploring this place.
 F = Levels seen in this place.
 G = Mean time per level.
                   A        B        C        D        E       F      G
               +--------+--------+--------+--------+--------+-----+--------+
         Total |  18433 |  17731 |    702 |   4507 |   8483 |  16 | 1152.1 |
       Dungeon |  18359 |  17662 |    697 |   4507 |   8416 |  15 | 1223.9 |
        Temple |     73 |     68 |      5 |      0 |     67 |   1 |   73.0 |
               +--------+--------+--------+--------+--------+-----+--------+

Top non-repeatable levels by time:
     D:8: 1854 daAuts
     D:5: 1708 daAuts
     D:1: 1495 daAuts
    D:13: 1487 daAuts
    D:10: 1481 daAuts
    D:11: 1306 daAuts
    D:12: 1298 daAuts
     D:4: 1185 daAuts
     D:7: 1162 daAuts
     D:6: 1144 daAuts
     D:2: 1128 daAuts
     D:9: 940 daAuts
    D:14: 890 daAuts
     D:3: 754 daAuts
    D:15: 520 daAuts
